 Dungeon Sprint DCSS version 0.20-b1-18-gaa2fd62 (webtiles) character file.

819 potatolord6000 the Fighter (level 7, 0/63 HPs)
             Began as a Demonspawn Gladiator on May 25, 2017.
             Was a Priest of Cheibriados.
             Slain by a white ugly thing (9 damage)
             ... in the Dungeon (Sprint IX: "|||||||||||||||||||||||||||||").
             The game lasted 00:02:13 (368 turns).

potatolord6000 the Fighter (Demonspawn Gladiator)    Turns: 368, Time: 00:02:13

Health: 0/63       AC: 12    Str: 24    XL:     7   Next: 63%
Magic:  7/7        EV: 18    Int: 19    God:    Cheibriados [***...]
Gold:   0          SH:  0    Dex: 21    Spells: 6/6 levels left

rFire    . . .     SeeInvis .   m - +2 scimitar (flame)
rCold    . . .     Gourm    .   (no shield)
rNeg     . . .     Faith    .   c - +2 ring mail
rPois    .         Spirit   .   a - +0 helmet
rElec    .         Reflect  .   (no cloak)
rCorr    .         Harm     .   (no gloves)
MR       .....     NoTele   +   (no boots)
Stlth    +++.......             (no amulet)
Regen    0.2/turn               b - +3 ring of intelligence
MPRegen  0.1/turn               n - +2 ring of protection

@: very slow
A: nightstalker 2, spiny 1
a: Bend Time, Temporal Distortion, Renounce Religion


You were in the Dungeon.
You worshipped Cheibriados.
Cheibriados was most pleased with you.
You were not hungry.

You visited 1 branch

Inventory:

Hand Weapons
 m - a +2 scimitar of flaming (weapon)
Armour
 a - a +0 helmet (worn)
 c - a +2 ring mail (worn)
Jewellery
 b - a +3 ring of intelligence (left hand)
 n - a +2 ring of protection (right hand)
Scrolls
 h - 3 scrolls of remove curse
 k - 2 scrolls of blinking
 l - 2 scrolls of amnesia
Potions
 d - a potion of invisibility
 g - a potion of curing
 i - 4 potions of magic
 j - a potion of berserk rage
Comestibles
 f - a bread ration


   Skills:
 + Level 8.8 Fighting
 + Level 8.2 Long Blades
 - Level 1.7 Throwing
 + Level 7.6 Armour
 + Level 8.3 Dodging


You had 6 spell levels left.
You didn't know any spells.

Dungeon Overview and Level Annotations

Branches:
Dungeon (1/1)

Altars:
Cheibriados
Dithmenos
Elyvilon
Fedhas
Gozag
Hepliaklqana
Kikubaaqudgha
Makhleb
Nemelex Xobeh
Okawaru
Qazlal
Ru
Sif Muna
Trog
Uskayaw
Vehumet
Xom
Yredelemnul
Zin
The Shining One
Beogh
Jiyva
Lugonu


Innate Abilities, Weirdness & Mutations

You are significantly more attuned to the shadows.
You are partially covered in sharp spines.


Message History

You slash the white ugly thing! You burn the white ugly thing.
The white ugly thing is moderately wounded.
The white ugly thing stings you but does no damage.
Unknown command.
You slash the white ugly thing! You burn the white ugly thing.
The white ugly thing is heavily wounded.
The white ugly thing completely misses you.
Unknown command.
You hit the white ugly thing but do no damage.
The white ugly thing is heavily wounded.
Unknown command.
You hit the white ugly thing. You burn the white ugly thing.
The white ugly thing is heavily wounded.
The white ugly thing stings you! The white ugly thing freezes you!
* * * LOW HITPOINT WARNING * * *
Unknown command.
You slash the white ugly thing! You burn the white ugly thing.
The white ugly thing is almost dead.
The white ugly thing stings you!
You die... ▓▓▓▓▓▓▓▓▓▓▓▓▓▓▓▓▓▓▓▓▓▓ '../).[[..)†))..@unWY. ▓▓▓▓▓▓▓▓▓▓▓▓▓▓▓▓▓▓▓▓▓▓

You could see a white ugly thing, a yak, a necrophage and a shadow.

Vanquished Creatures
  A troll (D)
  A yak (D)
  A sky beast (D)
  A phantom (D)
  2 ogres (D)
  A howler monkey (D)
  An orc priest (D)
  An iguana (D)
  A worker ant (D)
  2 orcs (D)
  2 jackals (D)
  A frilled lizard (D)
  2 kobolds (D)
  A rat (D)
18 creatures vanquished.

Notes
Turn   | Place    | Note
-------+----------+-------------------------------------------
     0 | D        | potatolord6000 the Demonspawn Gladiator began the quest for the Orb.
     0 | D        | Reached XP level 1. HP: 16/16 MP: 1/1
    18 | D        | Reached skill level 1 in Armour
    23 | D        | Noticed a worker ant
    23 | D        | Noticed a howler monkey
    23 | D        | Noticed a phantom
    23 | D        | Noticed an iguana
    30 | D        | Killed a worker ant
    30 | D        | Gained mutation: You are slightly more attuned to the shadows. [demonic ancestry]
    30 | D        | Reached XP level 2. HP: 24/24 MP: 2/2
    30 | D        | Reached XP level 3. HP: 29/29 MP: 3/3
    38 | D        | Gained mutation: You are significantly more attuned to the shadows. [demonic ancestry]
    38 | D        | Reached XP level 4. HP: 23/38 MP: 4/4
    86 | D        | Killed a phantom
    86 | D        | Reached skill level 5 in Fighting
    86 | D        | Reached skill level 5 in Long Blades
    86 | D        | Reached skill level 5 in Dodging
    86 | D        | Reached XP level 5. HP: 43/46 MP: 5/5
    93 | D        | Found a roughly hewn altar of Beogh.
    93 | D        | Found a snail-covered altar of Cheibriados.
    93 | D        | Found a shadowy altar of Dithmenos.
    93 | D        | Found a white marble altar of Elyvilon.
    94 | D        | Found a blossoming altar of Fedhas.
    95 | D        | Found an opulent altar of Gozag.
    96 | D        | Found a hazy altar of Hepliaklqana.
    97 | D        | Found a viscous altar of Jiyva.
    98 | D        | Found an ancient bone altar of Kikubaaqudgha.
    99 | D        | Found a corrupted altar of Lugonu.
   100 | D        | Found a burning altar of Makhleb.
   107 | D        | Became a worshipper of Cheibriados the Contemplative
   112 | D        | Found a sparkling altar of Nemelex Xobeh.
   113 | D        | Found an iron altar of Okawaru.
   114 | D        | Found a stormy altar of Qazlal.
   115 | D        | Found a sacrificial altar of Ru.
   116 | D        | Found a deep blue altar of Sif Muna.
   117 | D        | Found a bloodstained altar of Trog.
   118 | D        | Found a hide-covered altar of Uskayaw.
   119 | D        | Found a radiant altar of Vehumet.
   121 | D        | Found a shimmering altar of Xom.
   122 | D        | Found a basalt altar of Yredelemnul.
   123 | D        | Found a glowing silver altar of Zin.
   124 | D        | Found a glowing golden altar of the Shining One.
   176 | D        | Noticed an ogre
   176 | D        | Noticed a yak
   180 | D        | Noticed an ogre
   180 | D        | Killed an ogre
   180 | D        | Reached skill level 5 in Armour
   190 | D        | Killed a yak
   190 | D        | Gained mutation: You are partially covered in sharp spines. [demonic ancestry]
   190 | D        | Reached XP level 6. HP: 20/55 MP: 6/6
   191 | D        | Reached * piety under Cheibriados
   198 | D        | Reached ** piety under Cheibriados
   200 | D        | Reached XP level 7. HP: 29/61 MP: 7/7
   355 | D        | Noticed a troll
   355 | D        | Noticed a white ugly thing
   359 | D        | Noticed a shadow
   359 | D        | Reached *** piety under Cheibriados
   362 | D        | Noticed a yak
   363 | D        | Killed a troll
   368 | D        | Slain by a white ugly thing

Skill      XL: |  1  2  3  4  5  6  7 |
---------------+----------------------+-----
Long Blades    | 3 4 5 7 8 |  8.2
Dodging        | 3 4 5 7 8 |  8.3
Armour         | 2 3 4 6 7 |  7.6
Fighting       | 3 4 5 7 8 |  8.8
Throwing       | |  1.7

Action                   |  1- 3 |  4- 6 |  7- 9 || total
-------------------------+-------+-------+-------++-------
Melee: Long sword        |    24 |    22 |       ||    46
       Scimitar          |       |    16 |    13 ||    29
  Use: Potion            |     2 |     6 |       ||     8
Armor: Leather armour    |     4 |     1 |       ||     5
       Ring mail         |       |     4 |     4 ||     8
Dodge: Dodged            |    21 |    21 |     6 ||    48
       Rpst.: Long sword |     9 |     1 |       ||    10
       Scimitar          |       |     2 |       ||     2
